 Dungeon Sprint DCSS version 0.17-a0-1685-g57e755e (webtiles) character file.

127789 Kidiri the Imperceptible (level 15, -4/63 HPs)
             Began as a Spriggan Enchanter on Aug 19, 2015.
             Was the Champion of Dithmenos.
             Slain by Boris (16 damage)
             ... in the Dungeon (Sprint III: "The Ten Rune Challenge").
             The game lasted 01:09:15 (10102 turns).

Kidiri the Imperceptible (Spriggan Enchanter)      Turns: 10102, Time: 01:09:15

Health: -4/63      AC:  4    Str:  4      XL:     15   Next: 78%
Magic:  0/49       EV: 42    Int: 19 (20) God:    Dithmenos [******]
Gold:   2059       SH:  0    Dex: 24 (25) Spells: 14 memorised, 1 level left

rFire  + . .     SeeInvis +     H - +5 quick blade
rCold  . . .     Clarity  .     I - +2 robe {rPois}
rNeg   + . .     SustAt   .     (shield restricted)
rPois  +         Gourm    .     v - +0 hat {Spirit}
rElec  +         Spirit   +     (no cloak)
rCorr  .         Warding  .     (gloves unavailable)
rMut   .         NoTele   +     (boots unavailable)
MR     ++...                    (no amulet)
Stlth  ++++++++++               J - ring "Pawaiqeu" {rF+ rN+ MP+9 SInv}
                                j - +5 ring of dexterity

@: silence, very slightly contaminated, wreathed by umbra, drained, invisible,
very quick, very resistant to hostile enchantments, uncannily stealthy
A: unfitting armour, beak, horns 1, see invisible, deterioration 1, herbivore 3,
speed 3, electricity resistance, slow metabolism 2
a: Renounce Religion
}: 2/10 runes: serpentine, barnacled


You were in the Dungeon.
You worshipped Dithmenos.
Dithmenos was exalted by your worship.
You were not hungry.

You visited 1 branch You collected 2059 gold pieces.

Inventory:

Hand weapons
 H - a +5 quick blade (weapon)
Missiles
 i - 6 throwing nets (quivered)
Armour
 v - a +0 hat of spirit shield (worn)
 I - a +2 robe of poison resistance (worn)
Jewellery
 j - a +5 ring of dexterity (left hand)
 z - the ring of Shadows {Umbra +Inv rN+ SInv}
   (You found it in the Dungeon)

   [ring of invisibility]

   It protects you from negative energy.
   It lets you see invisible.
   It lets you turn invisible.
 J - the ring "Pawaiqeu" (right hand) {rF+ rN+ MP+9 SInv}
   (You found it in the Dungeon)

   [ring of positive energy]

   It protects you from fire.
   It protects you from negative energy.
   It affects your magic capacity (+9).
   It lets you see invisible.
Magical devices
 a - a wand of disintegration (7)
 d - a wand of disintegration (12)
 m - a wand of confusion (18)
 n - a wand of disintegration (3)
 D - a wand of disintegration (19)
 G - a wand of magic darts (22)
 K - a wand of invisibility (3)
Scrolls
 s - a scroll of torment
 w - a scroll of remove curse
 A - 5 scrolls of amnesia
 C - 2 scrolls of recharging
Potions
 c - a potion of berserk rage
 e - 3 potions of curing
 g - 2 potions of haste
 k - a potion of brilliance {unknown}
 l - a potion of might
 o - a potion of resistance {unknown}
 q - a potion of cancellation
 r - 3 potions of flight {unknown}
 u - a potion of cure mutation
 E - 3 potions of degeneration {unknown}
Books
 t - a book of the Earth

   Spells                             Type                      Level
   a - Leda's Liquefaction            Hexes/Earth                  4
   b - Bolt of Magma                  Conjuration/Fire/Earth       5
   c - Statue Form                    Transmutation/Earth          6
   d - Iron Shot                      Conjuration/Earth            6
   e - Shatter                        Earth                        9
Comestibles
 h - a slice of pizza
 p - 29 royal jellies


   Skills:
 + Level 14.0(13.5) Short Blades
 * Level 23.6(23.0) Dodging
 * Level 25.4(24.8) Stealth
 * Level 20.7(20.2) Spellcasting
 + Level 10.1(9.7) Conjurations
 + Level 15.5(15.0) Hexes
 + Level 16.4(16.0) Charms
 + Level 16.5(16.0) Translocations
 + Level 15.5(15.1) Transmutations
 + Level 10.9(10.5) Ice Magic
 + Level 11.4(11.0) Air Magic
 + Level 11.2(10.8) Earth Magic
 - Level 2.9(2.5) Invocations


You had one spell level left.
You knew the following spells:

 Your Spells              Type           Power        Failure   Level  Hunger
a - Corona                Hex            ######.      0%          1    None
b - Ensorcelled Hibernat  Hex/Ice        ######       1%          2    None
c - Confuse               Hex            ######..     0%          3    None
d - Tukima's Dance        Hex            ######..     0%          3    None
e - Dazzling Spray        Conj/Hex       ######..     1%          3    None
f - Swiftness             Chrm/Air       ######..     0%          2    None
g - Passwall              Trmt/Erth      ######....   1%          3    None
h - Passage of Golubria   Tloc           N/A          1%          4    None
i - Lee's Rapid Deconstr  Erth           ######....   1%          5    #......
j - Invisibility          Hex            ######..     1%          6    ####...
k - Darkness              Hex            ######....   1%          6    ####...
l - Leda's Liquefaction   Hex/Erth       ######....   1%          4    None
m - Statue Form           Trmt/Erth      ######...    1%          6    ####...
n - Iron Shot             Conj/Erth      ######....   8%          6    ####...


Dungeon Overview and Level Annotations

Branches:
Dungeon (1/1)

Altars:
Cheibriados
Dithmenos
Elyvilon
Fedhas
Gozag
Kikubaaqudgha
Makhleb
Nemelex Xobeh
Okawaru
Qazlal
Ru
Sif Muna
Trog
Vehumet
Xom
Yredelemnul
Zin
The Shining One
Beogh
Jiyva
Lugonu

Shops:
D %[:[?::}[%%}%[(}[=:?(**!

Annotations:
D Boris


Innate Abilities, Weirdness & Mutations

You are tiny and cannot use many weapons and most armour.
You have supernaturally acute eyesight.
You are a herbivore.
You cover ground extremely quickly.
You need consume almost no food.
You have a beak for a mouth.
You have a pair of small horns on your head.
Your body sometimes deteriorates upon taking damage.
You are resistant to electric shocks.


Message History

You feel better. Boris completely misses you. Boris completely misses you.
Drink which item? (? for menu, Esc to quit)
You fade into invisibility!
Boris completely misses you. Boris touches you!
* * * LOW HITPOINT WARNING * * *
You partially resist.
You feel drained.
* * * LOW HITPOINT WARNING * * *
The spectral iron dragon completely misses you. x2
The spectral iron dragon closely misses you.
You are very lightly contaminated with residual magic.
Drink which item? (? for menu, Esc to quit)
You feel better. Boris completely misses you. Boris completely misses you.
The spectral iron dragon misses you. x2
The spectral iron dragon barely misses you.
You hit Boris but do no damage. You headbutt Boris, but do no damage.
Boris is lightly damaged.
You hit Boris but do no damage.
Boris is lightly damaged.
Boris hits you!
You die...

#≈......≈#..Z##§§§..## #.≈≈
#.......(#'###§§§§§§.###...
#...)...(+..§'.§§§§§.+.....
#........#'###Z§§.§.§#####.
#≈......≈#≈≈≈##§§§..##...##
#)≈....≈)#'#+###§..###.#..#
####''####Z#.# ##'####.##.#
#..+.....#L#####(≈≈≈+#.##.#
####
########.#@Z§§∩#(Z≈.#..##..
..... #...#
##.####§∩#.≈≈.#######
......#...###...###..#..≈.#
......+...+.......+..'..≈≈+
......#...###...###..#≈≈≈.#
..... #...# ##.##∩#..#))..#
####
########.#..#..####+#######
#......#+#+##..#.#.#.#.#.#.
#......#.+..+..+#.#.#.#.#.#


You could see Boris, a spectral iron dragon and an anaconda simulacrum.

Vanquished Creatures
  Mara (D)
  Mennas (D)
  Sigmund (D)
  A lich (D)
  Rupert (D)
  A deep elf master archer (D)
  A kraken (D)
  2 sphinxes (D)
  Gastronok (D)
  An Executioner (D)
  Roxanne (D)
  A greater naga (D)
  Maud (D)
  2 vampire knights (D)
  3 deep elf demonologists (D)
  2 dire elephants (D)
  Nessos (D)
  A yellow draconian (D)
  2 deep elf death magi (D)
  A yaktaur captain (D)
  3 mummy priests (D)
  A fire dragon (D)
  2 hydras (D)
  A naga warrior (D)
  2 centaur warriors (D)
  2 hell beasts (D)
  Erica (D)
  2 alligator snapping turtles (D)
  4 dancing weapons (D)
  An anaconda (D)
  A titan zombie (D)
  4 death yaks (D)
  2 sun demons (D)
  An iron golem (D)
  2 soul eaters (D)
  A shadow wraith (D)
  An anaconda zombie (D)
  4 skeletal warriors (D)
  2 deep elf knights (D)
  2 unseen horrors (D)
  2 hell knights (D)
  2 deep elf summoners (D)
  A giant orange brain (D)
  A spriggan druid (D)
  2 ice devils (D)
  A death drake (D)
  A lindwurm (D)
  An anubis guard (shapeshifter) (D)
  2 orc knights (D)
  3 deep elf conjurers (D)
  3 ugly things (D)
  2 oklob plants (D)
  4 crystal guardians (D)
  A shining eye (D)
  A hornet (D)
  2 elephants (D)
  A molten gargoyle (D)
  5 black mambas (D)
  8 statues (D)
  A guardian serpent (D)
  2 spiny frogs (D)
  Edmund (D)
  An orange crystal statue (D)
  3 wandering mushrooms (D)
  A fire drake (D)
  A deep elf priest (D)
  A komodo dragon (D)
  8 blink frogs (D)
  A guardian mummy (D)
  A merfolk (shapeshifter) (D)
  4 spriggan defenders (D)
  A queen bee (D)
  2 orc high priests (D)
  4 snapping turtles (D)
  6 slime creatures (D)
  3 redbacks (D)
  2 spriggans (D)
  A shadow (D)
  A golden eye (D)
  3 iron troll simulacra (D)
  A spatial vortex (D)
  A hydra simulacrum (D)
  2 nagas (D)
  A swamp drake (D)
  A fire dragon simulacrum (D)
  5 water moccasins (D)
  3 orc warriors (D)
  2 centaurs (D)
  A necrophage (D)
  2 wasps (D)
  An earth elemental (D)
  2 brain worms (D)
  A water elemental (D)
  32 killer bees (D)
  A scorpion (D)
  An electric eel (D)
  3 orc priests (D)
  A wizard (D)
  A jelly (D)
  2 orc wizards (D)
  2 necromancers (D)
  A polar bear simulacrum (D)
  A wolf simulacrum (D)
  A kobold demonologist (D)
  3 humans (D)
  3 adders (D)
  A giant eyeball (D)
  An ooze (D)
  9 orcs (D)
  3 rats (D)
  A bush (D)
  3 plants (D)
249 creatures vanquished.

Vanquished Creatures (collateral kills)
  2 hell knights (D)
  2 orc knights (D)
  An orc priest (D)
  2 orcs (D)
7 creatures vanquished.

Vanquished Creatures (others)
  2 draconian scorchers (D)
  2 mummy priests (D)
  A dancing weapon (D)
  A ball lightning (D)
  3 yaktaurs (D)
  A guardian mummy (D)
  2 fungi (D)
  5 plants (D)
  20 tentacles (D)
  225 tentacle segments (D)
262 creatures vanquished.

Grand Total: 518 creatures vanquished

Notes
Turn   | Place    | Note
--------------------------------------------------------------
     0 | D        | Kidiri the Spriggan Enchanter began the quest for the Orb.
     0 | D        | Reached XP level 1. HP: 9/9 MP: 5/5
    88 | D        | Killed a yaktaur
   114 | D        | Reached skill level 5 in Stealth
   159 | D        | Noticed a scorpion
   162 | D        | Killed a scorpion
   162 | D        | Reached skill level 5 in Dodging
   162 | D        | Reached skill level 7 in Stealth
   162 | D        | Reached XP level 2. HP: 13/13 MP: 5/8
   162 | D        | Reached XP level 3. HP: 16/16 MP: 6/10
   182 | D        | Learned a level 2 spell: Ensorcelled Hibernation
   186 | D        | Learned a level 3 spell: Confuse
   190 | D        | Learned a level 3 spell: Tukima's Dance
   220 | D        | Reached skill level 5 in Spellcasting
   220 | D        | Reached skill level 1 in Ice Magic
   220 | D        | Reached XP level 4. HP: 21/21 MP: 7/12
   225 | D        | Learned a level 3 spell: Dazzling Spray
   230 | D        | Killed a white draconian scorcher
   241 | D        | Gained mutation: You have a beak for a mouth. [potion of mutation]
   241 | D        | Gained mutation: Armour fits poorly on your strangely shaped body. [potion of mutation]
   241 | D        | Gained mutation: You are resistant to electric shocks. [potion of mutation]
   241 | D        | Killed a white draconian scorcher
   242 | D        | Gained mutation: You have a pair of small horns on your head. [potion of mutation]
   242 | D        | Lost mutation: Armour fits poorly on your strangely shaped body. [potion of mutation]
   242 | D        | Gained mutation: Your body sometimes deteriorates upon taking damage. [potion of mutation]
   384 | D        | Noticed a water elemental
   386 | D        | Killed a water elemental
   386 | D        | Reached skill level 8 in Stealth
   386 | D        | Reached skill level 5 in Hexes
   395 | D        | Noticed a jelly
   396 | D        | Noticed a shadow
   397 | D        | Killed a yaktaur
   429 | D        | Killed a shadow
   429 | D        | Reached skill level 9 in Stealth
   429 | D        | Reached XP level 5. HP: 24/24 MP: 0/15
   429 | D        | Reached XP level 6. HP: 28/28 MP: 0/17
   562 | D        | Killed a jelly
   562 | D        | Reached skill level 10 in Stealth
   568 | D        | Found a stormy altar of Qazlal.
   569 | D        | Noticed a spatial vortex
   571 | D        | Found a sacrificial altar of Ru.
   571 | D        | Found a burning altar of Makhleb.
   571 | D        | Found a viscous altar of Jiyva.
   571 | D        | Found a shimmering altar of Xom.
   571 | D        | Found a shadowy altar of Dithmenos.
   571 | D        | Found a sparkling altar of Nemelex Xobeh.
   571 | D        | Found a corrupted altar of Lugonu.
   571 | D        | Found an opulent altar of Gozag.
   578 | D        | Became a worshipper of Dithmenos the Shadowed
   588 | D        | Killed a spatial vortex
   588 | D        | Reached skill level 1 in Invocations
   802 | D        | Found a radiant altar of Vehumet.
   803 | D        | Found a deep blue altar of Sif Muna.
   803 | D        | Found an ancient bone altar of Kikubaaqudgha.
   803 | D        | Noticed a wizard
   804 | D        | Killed a wizard
   804 | D        | Reached skill level 11 in Stealth
   806 | D        | Reached skill level 5 in Short Blades
   806 | D        | Reached skill level 10 in Dodging
   823 | D        | Learned a level 2 spell: Swiftness
   827 | D        | Learned a level 3 spell: Passwall
   832 | D        | Learned a level 4 spell: Passage of Golubria
   846 | D        | Found a glowing silver altar of Zin.
   847 | D        | Found a glowing golden altar of the Shining One.
   847 | D        | Found a white marble altar of Elyvilon.
   847 | D        | Noticed a deep elf priest
   849 | D        | Killed a deep elf priest
   849 | D        | Reached skill level 1 in Transmutations
   849 | D        | Reached skill level 1 in Air Magic
   849 | D        | Reached skill level 1 in Earth Magic
   849 | D        | Reached XP level 7. HP: 32/32 MP: 18/20
   865 | D        | Found an iron altar of Okawaru.
   866 | D        | Found a bloodstained altar of Trog.
   866 | D        | Noticed a human
   866 | D        | Noticed a human
   868 | D        | Killed a human
   869 | D        | Killed a human
   869 | D        | Acquired Dithmenos's first power
   869 | D        | Reached skill level 12 in Stealth
   886 | D        | Found a basalt altar of Yredelemnul.
   886 | D        | Found a snail-covered altar of Cheibriados.
   886 | D        | Found a blossoming altar of Fedhas.
   886 | D        | Noticed a necrophage
   886 | D        | Noticed a necromancer
   888 | D        | Killed a necrophage
   888 | D        | Reached XP level 8. HP: 36/36 MP: 20/22
   889 | D        | Killed a necromancer
   908 | D        | Learned a level 5 spell: Lee's Rapid Deconstruction
   921 | D        | Noticed Erica
   924 | D        | Killed Erica
   924 | D        | Reached skill level 10 in Spellcasting
   942 | D        | Noticed an earth elemental
   945 | D        | Killed an earth elemental
   945 | D        | Reached skill level 13 in Stealth
   950 | D        | Noticed a centaur
   950 | D        | Noticed a centaur warrior
   950 | D        | Noticed a centaur
   952 | D        | Killed a centaur warrior
   952 | D        | Reached skill level 5 in Charms
   952 | D        | Reached skill level 5 in Translocations
   952 | D        | Reached XP level 9. HP: 39/39 MP: 19/24
   953 | D        | Killed a centaur
   953 | D        | Acquired Dithmenos's second power
   953 | D        | Reached skill level 5 in Transmutations
   954 | D        | Killed a centaur
   993 | D        | Noticed an unseen horror
   993 | D        | Noticed an unseen horror
   996 | D        | Killed an unseen horror
   996 | D        | Reached skill level 14 in Stealth
   998 | D        | Killed an unseen horror
   998 | D        | Reached skill level 5 in Ice Magic
  1008 | D        | Noticed a killer bee
  1008 | D        | Noticed a killer bee
  1008 | D        | Noticed a killer bee
  1008 | D        | Noticed a killer bee
  1008 | D        | Noticed a killer bee
  1008 | D        | Noticed a killer bee
  1008 | D        | Noticed a killer bee
  1008 | D        | Noticed a killer bee
  1008 | D        | Noticed a killer bee
  1008 | D        | Noticed a killer bee
  1008 | D        | Noticed a killer bee
  1008 | D        | Noticed a killer bee
  1008 | D        | Noticed a killer bee
  1008 | D        | Noticed a killer bee
  1008 | D        | Noticed a killer bee
  1009 | D        | Noticed a killer bee
  1009 | D        | Noticed a killer bee
  1009 | D        | Noticed a killer bee
  1009 | D        | Noticed a killer bee
  1009 | D        | Noticed a killer bee
  1009 | D        | Noticed a queen bee
  1009 | D        | Noticed a killer bee
  1009 | D        | Noticed a killer bee
  1009 | D        | Noticed a killer bee
  1009 | D        | Noticed a killer bee
  1009 | D        | Noticed a killer bee
  1009 | D        | Noticed a killer bee
  1009 | D        | Noticed a killer bee
  1009 | D        | Noticed a killer bee
  1009 | D        | Noticed a killer bee
  1009 | D        | Noticed a killer bee
  1009 | D        | Noticed a killer bee
  1009 | D        | Noticed a killer bee
  1015 | D        | Killed a killer bee
  1015 | D        | Acquired Dithmenos's third power
  1017 | D        | Killed a killer bee
  1020 | D        | Killed a killer bee
  1023 | D        | Killed a killer bee
  1025 | D        | Killed a killer bee
  1027 | D        | Killed a killer bee
  1027 | D        | Reached XP level 10. HP: 40/44 MP: 5/26
  1029 | D        | Killed a killer bee
  1029 | D        | Acquired Dithmenos's fourth power
  1167 | D        | Learned a level 6 spell: Invisibility
  1169 | D        | Killed a killer bee
  1173 | D        | Killed a killer bee
  1177 | D        | Killed a killer bee
  1179 | D        | Killed a killer bee
  1181 | D        | Killed a killer bee
  1183 | D        | Killed a killer bee
  1185 | D        | Killed a killer bee
  1187 | D        | Killed a killer bee
  1189 | D        | Killed a killer bee
  1191 | D        | Killed a killer bee
  1193 | D        | Killed a killer bee
  1197 | D        | Killed a killer bee
  1328 | D        | Killed a killer bee
  1334 | D        | Killed a killer bee
  1336 | D        | Killed a killer bee
  1338 | D        | Killed a killer bee
  1340 | D        | Killed a killer bee
  1342 | D        | Killed a killer bee
  1344 | D        | Killed a killer bee
  1347 | D        | Killed a killer bee
  1349 | D        | Killed a killer bee
  1351 | D        | Killed a killer bee
  1353 | D        | Killed a killer bee
  1355 | D        | Killed a killer bee
  1571 | D        | Killed a queen bee
  1573 | D        | Killed a killer bee
  1649 | D        | Noticed a wandering mushroom
  1650 | D        | Noticed a wandering mushroom
  1650 | D        | Noticed a wandering mushroom
  1651 | D        | Killed a wandering mushroom
  1651 | D        | Reached skill level 15 in Stealth
  1653 | D        | Killed a wandering mushroom
  1655 | D        | Killed a wandering mushroom
  1707 | D        | Noticed a spiny frog
  1707 | D        | Noticed a komodo dragon
  1707 | D        | Noticed a spiny frog
  1713 | D        | Killed a spiny frog
  1715 | D        | Killed a komodo dragon
  1719 | D        | Killed a spiny frog
  1719 | D        | Reached skill level 5 in Conjurations
  1754 | D        | Noticed a redback
  1756 | D        | Killed a redback
  1757 | D        | Noticed a brain worm
  1761 | D        | Killed a brain worm
  1761 | D        | Reached skill level 5 in Air Magic
  1766 | D        | Noticed a brain worm
  1768 | D        | Killed a brain worm
  1774 | D        | Noticed a lindwurm
  1776 | D        | Noticed a redback
  1777 | D        | Killed a lindwurm
  1777 | D        | Reached skill level 5 in Earth Magic
  1779 | D        | Killed a redback
  1783 | D        | Noticed a redback
  1784 | D        | Killed a redback
  1784 | D        | Reached XP level 11. HP: 47/47 MP: 28/28
  1785 | D        | Noticed Maud
  1790 | D        | Killed Maud
  1790 | D        | Reached skill level 15 in Dodging
  1790 | D        | Reached skill level 16 in Stealth
  1790 | D        | Reached skill level 10 in Hexes
  1890 | D        | Noticed an electric eel
  1891 | D        | Noticed an eight-headed hydra
  1891 | D        | Noticed a seven-headed hydra
  1894 | D        | Killed an electric eel
  1896 | D        | Killed an eight-headed hydra
  1897 | D        | Killed a seven-headed hydra
  1934 | D        | Noticed a death drake
  1937 | D        | Killed a death drake
  1949 | D        | Found a blossoming altar of Fedhas.
  1949 | D        | Noticed a spriggan
  1949 | D        | Noticed a spriggan druid
  1949 | D        | Noticed a spriggan
  1950 | D        | Killed a spriggan druid
  1951 | D        | Killed a spriggan
  1952 | D        | Killed a spriggan
  2005 | D        | Noticed an anaconda
  2005 | D        | Noticed a water moccasin
  2007 | D        | Killed an anaconda
  2007 | D        | Reached skill level 17 in Stealth
  2008 | D        | Killed a water moccasin
  2036 | D        | Noticed a water moccasin
  2036 | D        | Noticed a black mamba
  2036 | D        | Noticed a water moccasin
  2036 | D        | Noticed a black mamba
  2038 | D        | Killed a black mamba
  2040 | D        | Killed a black mamba
  2041 | D        | Killed a water moccasin
  2043 | D        | Killed a water moccasin
  2086 | D        | Noticed a black mamba
  2086 | D        | Noticed a water moccasin
  2086 | D        | Noticed a water moccasin
  2087 | D        | Killed a black mamba
  2089 | D        | Killed a water moccasin
  2090 | D        | Killed a water moccasin
  2090 | D        | Reached skill level 10 in Translocations
  2179 | D        | Noticed a naga
  2179 | D        | Noticed a naga
  2180 | D        | Noticed a naga warrior
  2180 | D        | Noticed a greater naga
  2180 | D        | Found Denaun's Antique Armour Shop.
  2180 | D        | Found Doerat's Magic Scroll Shoppe.
  2180 | D        | Found Ekoagitt's Book Boutique.
  2181 | D        | Killed a naga
  2182 | D        | Killed a naga
  2184 | D        | Killed a naga warrior
  2184 | D        | Reached skill level 10 in Charms
  2185 | D        | Killed a greater naga
  2185 | D        | Reached XP level 12. HP: 51/51 MP: 26/31
  2205 | D        | Learned a level 6 spell: Darkness
  2205 | D        | Noticed a guardian serpent
  2207 | D        | Killed a guardian serpent
  2207 | D        | Reached skill level 18 in Stealth
  2210 | D        | Got a serpentine rune of Zot
  2232 | D        | Killed a yaktaur
  2406 | D        | Noticed a swamp drake
  2406 | D        | Noticed a fire drake
  2407 | D        | Killed a fire drake
  2409 | D        | Killed a swamp drake
  2421 | D        | Noticed a blink frog
  2421 | D        | Noticed a blink frog
  2421 | D        | Noticed a blink frog
  2422 | D        | Noticed a blink frog
  2425 | D        | Killed a blink frog
  2428 | D        | Killed a blink frog
  2432 | D        | Killed a blink frog
  2434 | D        | Noticed a blink frog
  2435 | D        | Killed a blink frog
  2437 | D        | Killed a blink frog
  2504 | D        | Noticed Rupert
  2506 | D        | Killed Rupert
  2506 | D        | Reached skill level 10 in Transmutations
  2535 | D        | Noticed a death yak
  2536 | D        | Noticed a death yak
  2536 | D        | Noticed a blink frog
  2537 | D        | Noticed an azure jelly
  2537 | D        | Noticed a death yak
  2537 | D        | Noticed an azure jelly
  2537 | D        | Noticed a blink frog
  2537 | D        | Noticed a death yak
  2538 | D        | Killed a death yak
  2538 | D        | Reached skill level 10 in Short Blades
  2538 | D        | Reached skill level 15 in Spellcasting
  2539 | D        | Killed a death yak
  2540 | D        | Killed a blink frog
  2541 | D        | Noticed a blink frog
  2541 | D        | Noticed a black mamba
  2542 | D        | Killed a death yak
  2543 | D        | Noticed a black mamba
  2544 | D        | Killed a death yak
  2544 | D        | Reached skill level 19 in Stealth
  2545 | D        | Killed a blink frog
  2546 | D        | Killed a blink frog
  2548 | D        | Killed a black mamba
  2549 | D        | Killed a black mamba
  2567 | D        | Noticed an azure jelly
  2567 | D        | Noticed an azure jelly
  2582 | D        | Noticed a snapping turtle
  2582 | D        | Noticed a kraken
  2590 | D        | Noticed a snapping turtle
  2592 | D        | Killed a snapping turtle
  2593 | D        | Noticed a snapping turtle
  2593 | D        | Noticed an alligator snapping turtle
  2593 | D        | Noticed an alligator snapping turtle
  2593 | D        | Noticed a snapping turtle
  2593 | D        | Found Emaphaga's Book Shop.
  2593 | D        | Found Caekyoj's Antique Armour Boutique.
  2593 | D        | Found Gumui's Food Shoppe.
  2595 | D        | Killed a snapping turtle
  2839 | D        | Killed an alligator snapping turtle
  3067 | D        | Learned a level 4 spell: Leda's Liquefaction
  3094 | D        | Killed a snapping turtle
  3113 | D        | Killed a kraken
  3341 | D        | Killed an alligator snapping turtle
  3341 | D        | Reached XP level 13. HP: 55/55 MP: 28/33
  3348 | D        | Killed a snapping turtle
  3353 | D        | Got a barnacled rune of Zot
  3404 | D        | Noticed an elephant
  3404 | D        | Noticed an elephant
  3404 | D        | Noticed a dire elephant
  3404 | D        | Noticed a dire elephant
  3404 | D        | Noticed Gastronok
  3406 | D        | Killed Gastronok
  3407 | D        | Killed a dire elephant
  3409 | D        | Killed a dire elephant
  3409 | D        | Reached skill level 20 in Stealth
  3417 | D        | Killed an elephant
  3419 | D        | Killed an elephant
  3665 | D        | Noticed an orc warrior
  3666 | D        | Noticed an orc wizard
  3666 | D        | Noticed an orc warrior
  3666 | D        | Noticed an orc wizard
  3666 | D        | Noticed an orc priest
  3666 | D        | Noticed an orc warrior
  3666 | D        | Noticed an orc priest
  3666 | D        | Found a roughly hewn altar of Beogh.
  3666 | D        | Found Luic's Book Emporium.
  3667 | D        | Killed an orc warrior
  3682 | D        | Killed an orc warrior
  3682 | D        | Killed an orc priest
  3687 | D        | Killed an orc wizard
  3694 | D        | Killed an orc warrior
  3701 | D        | Killed an orc wizard
  3724 | D        | Killed an orc priest
  3868 | D        | Noticed a deep elf conjurer
  3868 | D        | Noticed a deep elf conjurer
  3868 | D        | Noticed a deep elf summoner
  3868 | D        | Noticed a deep elf knight
  3868 | D        | Noticed a deep elf summoner
  3874 | D        | Noticed a deep elf conjurer
  3876 | D        | Killed a deep elf conjurer
  3877 | D        | Noticed a deep elf demonologist
  3883 | D        | Killed a deep elf knight
  3886 | D        | Killed a deep elf conjurer
  3887 | D        | Killed a deep elf summoner
  3888 | D        | Noticed a deep elf demonologist
  3901 | D        | Killed a deep elf summoner
  4076 | D        | Noticed a deep elf death mage
  4083 | D        | Noticed a Hell Sentinel
  4341 | D        | Noticed a deep elf demonologist
  4346 | D        | Noticed a deep elf death mage
  4348 | D        | Noticed a deep elf master archer
  4348 | D        | Killed a deep elf demonologist
  4349 | D        | Killed a deep elf demonologist
  4556 | D        | Noticed a cacodemon
  4558 | D        | Killed a deep elf demonologist
  4909 | D        | Noticed Sigmund
  4909 | D        | Noticed Edmund
  4911 | D        | Killed Sigmund
  4911 | D        | Reached skill level 21 in Stealth
  4912 | D        | Killed Edmund
  4932 | D        | Noticed an eight-headed hydra simulacrum
  4932 | D        | Noticed a wolf simulacrum
  4932 | D        | Noticed a polar bear simulacrum
  4932 | D        | Killed a polar bear simulacrum
  4933 | D        | Killed a wolf simulacrum
  4934 | D        | Killed an eight-headed hydra simulacrum
  5023 | D        | Noticed an orc priest
  5023 | D        | Noticed an orc high priest
  5024 | D        | Noticed an orc high priest
  5024 | D        | Noticed an orc priest
  5025 | D        | Killed an orc priest
  5026 | D        | Killed an orc high priest
  5028 | D        | Killed an orc priest
  5029 | D        | Killed an orc high priest
  5083 | D        | Noticed an orange crystal statue
  5087 | D        | Noticed a spriggan defender
  5088 | D        | Noticed a spriggan defender
  5088 | D        | Noticed a spriggan defender
  5088 | D        | Noticed a spriggan defender
  5089 | D        | Killed a spriggan defender
  5090 | D        | Killed a spriggan defender
  5092 | D        | Killed a spriggan defender
  5093 | D        | Killed a spriggan defender
  5130 | D        | Noticed a merfolk
  5148 | D        | Noticed a slime creature
  5149 | D        | Killed a merfolk
  5151 | D        | Killed a slime creature
  5184 | D        | Noticed a fire dragon
  5187 | D        | Killed a fire dragon
  5194 | D        | Noticed a centaur warrior
  5195 | D        | Noticed an anubis guard
  5198 | D        | Killed a centaur warrior
  5204 | D        | Killed an anubis guard
  5214 | D        | Noticed a slime creature
  5217 | D        | Killed a slime creature
  5245 | D        | Noticed an antimagic halberd
  5245 | D        | Noticed a flail of draining
  5246 | D        | Noticed a scimitar of protection
  5247 | D        | Noticed a dire flail of venom
  5248 | D        | Killed a scimitar of protection
  5258 | D        | Killed a flail of draining
  5258 | D        | Reached XP level 14. HP: 47/59 MP: 21/36
  5327 | D        | Killed an antimagic halberd
  5329 | D        | Killed a dire flail of venom
  5397 | D        | Killed an orange crystal statue
  5486 | D        | Found Guff's Jewellery Emporium.
  5486 | D        | Found Zadaf's Magic Scroll Shop.
  5486 | D        | Found Ojecalap's Gadget Boutique.
  5486 | D        | Found Tyrr's Distillery.
  5486 | D        | Found Viekhlax's Antique Armour Boutique.
  5486 | D        | Found Mumpewucs's Book Emporium.
  5486 | D        | Found Zeen's Weapon Shoppe.
  5486 | D        | Found Eteup's General Store.
  5486 | D        | Found Nuleroxorr's Antique Armour Shop.
  5486 | D        | Found Unian's Assorted Antiques.
  5486 | D        | Found Heerr's Food Emporium.
  5486 | D        | Found Imocu Sud's Antique Weapon Boutique.
  5533 | D        | Noticed a crystal guardian
  5533 | D        | Noticed a crystal guardian
  5533 | D        | Noticed a crystal guardian
  5534 | D        | Noticed a crystal guardian
  5535 | D        | Killed a crystal guardian
  5537 | D        | Killed a crystal guardian
  5539 | D        | Killed a crystal guardian
  5557 | D        | Killed a crystal guardian
  5610 | D        | Learned a level 6 spell: Statue Form
  5718 | D        | Killed a deep elf death mage
  5731 | D        | Killed a ghostly deep elf death mage
  6120 | D        | Killed a deep elf death mage
  6131 | D        | Killed a deep elf master archer
  6131 | D        | Reached skill level 22 in Stealth
  6133 | D        | Killed a ghostly deep elf death mage
  6138 | D        | Killed a deep elf conjurer
  6171 | D        | Got a translucent golden ring
  6173 | D        | Identified the Grimoire of Twisted Snow
  6576 | D        | Identified the ring "Pawaiqeu" {rF+ rN+ MP+9 SInv} (You found it in the Dungeon)
  6702 | D        | Noticed a yaktaur captain
  6702 | D        | Noticed a purple ugly thing
  6702 | D        | Noticed a cyan ugly thing
  6703 | D        | Noticed a purple ugly thing
  6704 | D        | Killed a purple ugly thing
  6706 | D        | Killed a cyan ugly thing
  6708 | D        | Killed a purple ugly thing
  6786 | D        | Killed a yaktaur captain
  6887 | D        | Noticed a skeletal warrior
  6892 | D        | Noticed a skeletal warrior
  6912 | D        | Noticed an iron golem
  6920 | D        | Killed a skeletal warrior
  6925 | D        | Killed a skeletal warrior
  7015 | D        | Killed an iron golem
  7030 | D        | Noticed a necromancer
  7131 | D        | Killed a necromancer
  7223 | D        | Noticed a hell knight
  7223 | D        | Noticed a hell knight
  7224 | D        | Noticed a hell knight
  7224 | D        | Noticed a hell knight
  7225 | D        | Killed a hell knight
  7233 | D        | Killed a hell knight
  7242 | D        | Killed a hell knight
  7243 | D        | Killed a hell knight
  7333 | D        | Noticed a lich
  7335 | D        | Killed a lich
  7358 | D        | Noticed a sphinx
  7358 | D        | Noticed a sphinx
  7360 | D        | Killed a sphinx
  7361 | D        | Killed a sphinx
  7361 | D        | Reached skill level 23 in Stealth
  7361 | D        | Reached skill level 10 in Air Magic
  7368 | D        | Noticed a guardian mummy
  7370 | D        | Noticed a mummy priest
  7370 | D        | Noticed a mummy priest
  7370 | D        | Noticed a mummy priest
  7371 | D        | Killed a mummy priest
  7372 | D        | Killed a guardian mummy
  7403 | D        | Killed a mummy priest
  7439 | D        | Killed a guardian mummy
  7496 | D        | Killed a mummy priest
  7502 | D        | Killed a mummy priest
  7535 | D        | Noticed a mummy priest
  7535 | D        | Noticed a mummy priest
  7535 | D        | Noticed a guardian mummy
  7535 | D        | Noticed a mummy priest
  7689 | D        | Noticed a fire elementalist statue
  7689 | D        | Noticed a water elementalist statue
  7689 | D        | Noticed an earth elementalist statue
  7689 | D        | Noticed an air elementalist statue
  7690 | D        | Noticed a fire dragon simulacrum
  7691 | D        | Killed a water elementalist statue
  7694 | D        | Killed a fire elementalist statue
  7694 | D        | Killed a fire dragon simulacrum
  7698 | D        | Killed an earth elementalist statue
  7841 | D        | Killed an air elementalist statue
  7867 | D        | Noticed a shadow wraith
  7868 | D        | Noticed a skeletal warrior
  7868 | D        | Noticed a skeletal warrior
  7868 | D        | Noticed a mummy priest
  7872 | D        | Killed a shadow wraith
  7874 | D        | Killed a mummy priest
  7969 | D        | Killed a skeletal warrior
  7969 | D        | Reached skill level 10 in Earth Magic
  7973 | D        | Killed a skeletal warrior
  7973 | D        | Reached skill level 15 in Charms
  8132 | D        | Found Febume's Food Shop.
  8132 | D        | Noticed an oklob plant
  8132 | D        | Noticed an oklob plant
  8133 | D        | Found Xeovinn's Gadget Shoppe.
  8133 | D        | Found Geirontu's Food Shop.
  8133 | D        | Found Kuuceq's Armour Emporium.
  8134 | D        | Killed an oklob plant
  8136 | D        | Killed an oklob plant
  8175 | D        | Noticed an iron troll simulacrum
  8177 | D        | Killed an iron troll simulacrum
  8361 | D        | Noticed an anaconda zombie
  8363 | D        | Killed an anaconda zombie
  8377 | D        | Noticed Mennas
  8378 | D        | Noticed a pristine statue
  8378 | D        | Noticed a pristine statue
  8400 | D        | Noticed Roxanne
  8406 | D        | Killed Roxanne
  8406 | D        | Reached skill level 15 in Translocations
  8406 | D        | Reached skill level 10 in Ice Magic
  8412 | D        | Identified Roxanne's Reference Book on Transmigration (You took it off Roxanne in the Dungeon)
  8525 | D        | Found Siorphas's Gadget Boutique.
  8525 | D        | Noticed an iron troll simulacrum
  8535 | D        | Killed an iron troll simulacrum
  8535 | D        | Reached XP level 15. HP: 63/63 MP: 39/39
  8559 | D        | Noticed a wasp
  8562 | D        | Killed a wasp
  8568 | D        | Noticed a hornet
  8572 | D        | Killed a hornet
  8575 | D        | Noticed a wasp
  8580 | D        | Killed a wasp
  8615 | D        | Noticed a large slime creature
  8615 | D        | Noticed a slime creature
  8615 | D        | Noticed a slime creature
  8615 | D        | Noticed a slime creature
  8616 | D        | Killed a slime creature
  8618 | D        | Killed a large slime creature
  8620 | D        | Killed a slime creature
  8622 | D        | Killed a slime creature
  8652 | D        | Noticed a molten gargoyle
  8652 | D        | Noticed a vampire knight
  8652 | D        | Noticed Mara
  8652 | D        | Noticed a vampire knight
  8745 | D        | Killed Mara
  8745 | D        | Reached skill level 24 in Stealth
  8747 | D        | Killed a molten gargoyle
  8759 | D        | Killed a vampire knight
  8765 | D        | Killed a vampire knight
  9021 | D        | Noticed an ice devil
  9021 | D        | Noticed a hell beast
  9021 | D        | Noticed a sun demon
  9021 | D        | Noticed a sun demon
  9021 | D        | Noticed a hell beast
  9021 | D        | Noticed a soul eater
  9022 | D        | Noticed a soul eater
  9022 | D        | Noticed an ice devil
  9023 | D        | Killed a sun demon
  9024 | D        | Killed a hell beast
  9026 | D        | Killed a soul eater
  9028 | D        | Killed an ice devil
  9029 | D        | Killed a hell beast
  9031 | D        | Killed a sun demon
  9033 | D        | Killed a soul eater
  9034 | D        | Killed an ice devil
  9047 | D        | Learned a level 6 spell: Iron Shot
  9072 | D        | Noticed an orc knight
  9072 | D        | Noticed a deep elf knight
  9072 | D        | Noticed an orc knight
  9072 | D        | Noticed an orc knight
  9072 | D        | Noticed an orc knight
  9076 | D        | Killed a deep elf knight
  9081 | D        | Killed an orc knight
  9081 | D        | Reached skill level 15 in Hexes
  9087 | D        | Killed an orc knight
  9090 | D        | Killed an orc knight
  9097 | D        | Killed an orc knight
  9339 | D        | Noticed an Executioner
  9342 | D        | Killed an Executioner
  9342 | D        | Reached skill level 15 in Transmutations
  9404 | D        | Noticed Nessos
  9406 | D        | Killed Nessos
  9410 | D        | Noticed a yellow draconian
  9411 | D        | Noticed a golden eye
  9411 | D        | Noticed a shining eye
  9411 | D        | Noticed a giant orange brain
  9412 | D        | Killed a yellow draconian
  9414 | D        | Killed a shining eye
  9415 | D        | Killed a giant orange brain
  9417 | D        | Killed a golden eye
  9454 | D        | Noticed a deep elf blademaster
  9454 | D        | Noticed a deep elf blademaster
  9543 | D        | Noticed a pristine statue
  9543 | D        | Noticed a pristine statue
  9544 | D        | Killed Mennas
  9544 | D        | Reached skill level 25 in Stealth
  9544 | D        | Reached skill level 10 in Conjurations
  9549 | D        | Killed a pristine statue
  9712 | D        | Killed a pristine statue
  9717 | D        | Killed a pristine statue
  9879 | D        | Killed a pristine statue
 10037 | D        | Noticed an anaconda simulacrum
 10037 | D        | Noticed an iron troll simulacrum
 10037 | D        | Noticed Boris
 10037 | D        | Noticed a titan zombie
 10037 | D        | Noticed an iron troll simulacrum
 10038 | D        | Noticed a spectral iron dragon
 10039 | D        | Killed an iron troll simulacrum
 10040 | D        | Killed a titan zombie
 10095 | D        | HP: 1/63 [Boris (13)]
 10102 | D        | Slain by Boris

Vault maps used:
D:        dungeon_sprint_mu

Action                   |  1- 3 |  4- 6 |  7- 9 | 10-12 | 13-15 || total
-------------------------+-------+-------+-------+-------+-------++-------
Melee: Dagger            |    12 |    16 |    18 |   106 |    59 ||   211
       Quick blade       |       |       |       |       |   153 ||   153
 Cast: Ensorcelled Hiber |     2 |       |     8 |    47 |    21 ||    78
       Dazzling Spray    |       |    11 |     2 |    17 |   114 ||   144
       Confuse           |       |       |       |     2 |     9 ||    11
       Passwall          |       |       |       |     5 |     8 ||    13
       Invisibility      |       |       |       |     3 |     9 ||    12
       Leda's Liquefacti |       |       |       |     1 |       ||     1
       Lee's Rapid Decon |       |       |       |       |    64 ||    64
       Tukima's Dance    |       |       |       |       |    15 ||    15
       Passage of Golubr |       |       |       |       |     3 ||     3
Invok: Shadow Step       |       |       |     1 |    18 |    23 ||    42
  Use: Scroll            |       |     8 |       |       |     8 ||    16
       Potion            |       |     3 |       |       |     9 ||    12
 Stab: Sleeping          |     5 |     5 |    17 |    86 |    79 ||   192
       Invisible         |       |       |       |     1 |    13 ||    14
       Confused          |       |       |       |       |     5 ||     5
       Distracted        |       |       |       |       |     1 ||     1
  Eat: Fruit             |       |       |       |     6 |     5 ||    11
       Bread ration      |       |       |       |       |     1 ||     1
